 Dungeon Crawl Stone Soup version 0.27.1-33-g824d729ab1 (webtiles) character file.

Game seed: 7668113432211427556

221 zeram the Shield-Bearer (level 5, -3/39 (41) HPs)
             Began as a Merfolk Fighter on Dec 11, 2021.
             Slain by an iguana (11 damage)
             ... on level 4 of the Dungeon.
             The game lasted 00:03:30 (2506 turns).

zeram the Shield-Bearer (Merfolk Fighter)           Turns: 2506, Time: 00:03:30

HP:   -3/39 (41)    AC:  6    Str: 16    XL:     5   Next: 98%
MP:   5/5           EV:  7    Int:  9    God:
Gold: 695           SH: 10    Dex: 13    Spells: 2/4 levels left

rFire    . . .     SeeInvis .   a - +0 trident
rCold    . . .     Faith    .   c - +0 kite shield
rNeg     . . .     Spirit   .   b - +0 scale mail
rPois    .         Reflect  .   d - +0 hat
rElec    .         Harm     .   (no cloak)
rCorr    .         Rampage  .   (no gloves)
Will     .....                  (no boots)
Stlth    ..........             (no amulet)
HPRegen  0.13/turn              (no ring)
MPRegen  0.09/turn              (no ring)

@: lethally poisoned (-3 -> -4), lightly drained
A: (nimble swimmer 2), mertail
a: no special abilities


You were on level 4 of the Dungeon.
You visited 1 branch of the dungeon, and saw 4 of its levels.

You collected 695 gold pieces.

Inventory:

Hand Weapons
 a - a +0 trident (weapon)
Missiles
 n - a throwing net (quivered)
Armour
 b - a +0 scale mail (worn)
 c - a +0 kite shield (worn)
 d - a +0 hat (worn)
Wands
 m - a wand of polymorph (4)
Scrolls
 f - a scroll of magic mapping {unknown}
 g - a scroll of immolation {unknown}
 o - a scroll of enchant weapon {unknown}
 p - a scroll of identify {unknown}
Potions
 h - a potion of curing {unknown}
 j - 2 potions of heal wounds {unknown}
 k - 2 potions of attraction {unknown}
 l - a potion of mutation {unknown}


   Skills:
 - Level 3.2 Fighting
 - Level 3.0 Polearms
 - Level 2.1 Armour
 + Level 6.4 Shields


You had 2 spell levels left.
You knew the following spells:

 Your Spells              Type           Power      Damage    Failure   Level
a - Blink                 Tloc           N/A        N/A       100%        2

Your spell library contained the following spells:

 Spells                   Type           Power      Damage    Failure   Level
 Lesser Beckoning         Tloc           0%         N/A       100%        3
 Petrify                  Tmut/Erth      0%         N/A       100%        4
 Manifold Assault         Tloc           0%         N/A       100%        5
 Metabolic Englaciation   Hex/Ice        0%         N/A       100%        5
 Statue Form              Tmut/Erth      0%         N/A       100%        6


Dungeon Overview and Level Annotations

Branches:
Dungeon (4/15)             Temple (0/1) D:4

Altars:
Hepliaklqana
Makhleb

Shops:
D:4 [

Annotations:
D:3 1 runed translucent door, Fractals's ghost, amateur NaEn


Innate Abilities, Weirdness & Mutations

((You are quick and stealthy near water. (Stealth+, EV+, Speed+++)))
Your lower body shifts to a powerful aquatic tail in water.


Message History

You are too injured to fight recklessly!
You are too injured to fight recklessly!
You are too injured to fight recklessly!
You are too injured to fight recklessly!
You are too injured to fight recklessly!
You are too injured to fight recklessly!
You are too injured to fight recklessly!
You are too injured to fight recklessly!
You are too injured to fight recklessly!
You are too injured to fight recklessly!
You are too injured to fight recklessly!
You are too injured to fight recklessly!
You are too injured to fight recklessly!
You are too injured to fight recklessly!
You are too injured to fight recklessly!
You are too injured to fight recklessly!
You are too injured to fight recklessly!
You are too injured to fight recklessly!
You are too injured to fight recklessly!
You are too injured to fight recklessly!
You are too injured to fight recklessly!
You are too injured to fight recklessly!
The kobold throws a poisoned dart.
You block the poisoned dart.
The kobold throws a poisoned dart.
The poisoned dart hits you!
You are poisoned.
You feel sick.
The iguana bites you but does no damage.
You are confused.
You feel invigorated.
You feel sick. The iguana bites you!
* * * LOW HITPOINT WARNING * * *
Okay, then.
Unknown command.
You feel sick.
You feel less invigorated.
You feel less confused.
You feel sick.
As you read the scroll labelled ZIOSTA WASAL, it crumbles to dust.
You hear a loud clanging noise!
It was a scroll of noise.
You feel sick. The iguana bites you!
You die...

.####..#####.......####..#
...............###..#####...
?.####......................
###....###....#.#######
#.#..######.#.### #.#.<.#
#.....# ##...#K## ###.#.##
##..###.l## #....### #...#
##.@# ##.#...# #.#.## ##.#
#)..#.## ...#..# #.#
###.#>.##.# ######.# #.##
#.##..#.# #†# #..# #.###.#.#
#.# ##.## #.###.#.# #.#
#..## #.##..... #)# ##..#
#.##..... ##.#######.##
#.##.....


You could see an iguana and a kobold.

Vanquished Creatures
  A bullfrog (D:3)
  A howler monkey (D:4)
  Terence (D:3)
  A hound skeleton (D:4)
  2 adders (D:3)
  2 orcs (D:3)
  7 endoplasms
  A giant cockroach (D:3)
  7 goblins (D:1)
  3 hobgoblins
  7 kobolds
  3 quokkas
  6 ball pythons
  3 bats
  3 frilled lizards
  5 rats
53 creatures vanquished.

Vanquished Creatures (others)
  2 withered plants (D:3)
2 creatures vanquished.

Grand Total: 55 creatures vanquished

Notes
Turn   | Place    | Note
-------+----------+-------------------------------------------
     0 | D:1      | zeram the Merfolk Fighter began the quest for the Orb.
     0 | D:1      | Reached XP level 1. HP: 18/18 MP: 1/1
   183 | D:1      | Reached XP level 2. HP: 24/24 MP: 2/2
   347 | D:1      | Reached skill level 4 in Shields
   397 | D:1      | Reached XP level 3. HP: 21/29 MP: 3/3
   862 | D:1      | Found a faded altar of an unknown god.
   958 | D:1      | Identified a scroll of acquirement
   958 | D:1      | Acquired 546 gold pieces
   982 | D:2      | You fall into a shaft and drop 1 floor!
  1019 | D:3      | Found a hazy altar of Hepliaklqana.
  1019 | D:3      | Noticed Terence
  1024 | D:3      | Noticed a bullfrog
  1027 | D:3      | Killed Terence
  1028 | D:3      | Reached XP level 4. HP: 12/35 MP: 4/4
  1041 | D:3      | Killed a bullfrog
  1042 | D:3      | Reached skill level 5 in Shields
  1042 | D:3      | Reached XP level 5. HP: 21/41 MP: 5/5
  1409 | D:3      | Learned a level 2 spell: Blink
  1454 | D:3      | Found a runed translucent door.
  1454 | D:3      | Noticed Fractals's ghost (amateur NaEn)
  1599 | D:3      | Found a burning altar of Makhleb.
  1808 | D:3      | Reached skill level 6 in Shields
  2258 | D:4      | Found Viuno's Antique Armour Shoppe.
  2359 | D:4      | Found a staircase to the Ecumenical Temple.
  2506 | D:4      | Slain by an iguana

Illustrated notes

Levels and vault maps discovered:
D:1:      dpeg_arrival_ternary, layout_basic,
          hellmonk_ecumenical_altar_leap_of_faith, st_stairs_5, hex_large
D:2:      layout_basic, amethyst_killhole
D:3:      layout_loops_ring, old_standard_altar, mainiacjoe_overflow_brackets,
          gammafunk_ghost_grave, minmay_cut_off, uniq_terence
D:4:      layout_rooms, minmay_temple_entry_junction, serial_shops,
          kennysheep_mini

Skill      XL: |  1  2  3  4  5 |
---------------+----------------+-----
Shields        | 4 5 6 |  6.4
Fighting       | |  3.2
Polearms       | |  3.0
Armour         | |  2.1

Action                   |  1- 3 |  4- 6 || total
-------------------------+-------+-------++-------
Melee: Trident           |    87 |   114 ||   201
  Use: Scroll            |     2 |     1 ||     3
       Potion            |     1 |     2 ||     3
Armor: Scale mail        |    30 |    41 ||    71
Dodge: Dodged            |    23 |    37 ||    60
Block: Kite shield       |    43 |    56 ||    99
